 Dungeon Crawl Stone Soup version 0.20.0-15-g7f486f2 (webtiles) character file.

693 NoAnimeNoLife the Cleaver (level 7, 0/57 HPs)
             Began as a Hill Orc Fighter on June 18, 2017.
             Slain by an ice beast (7 damage)
             ... on level 5 of the Dungeon.
             The game lasted 00:04:27 (3244 turns).

NoAnimeNoLife the Cleaver (Hill Orc Fighter)        Turns: 3244, Time: 00:04:28

Health: 0/57       AC:  6    Str: 20    XL:     7   Next: 64%
Magic:  7/7        EV:  7    Int:  8    God:
Gold:   351        SH:  9    Dex: 11    Spells: 6/6 levels left

rFire    x . .     SeeInvis .   a - +0 war axe
rCold    + . .     Gourm    +   c - +0 shield
rNeg     . . .     Faith    .   b - +0 scale mail
rPois    +         Spirit   .   (no helmet)
rElec    .         Reflect  .   (no cloak)
rCorr    .         Harm     .   (no gloves)
MR       .....                  (no boots)
Stlth    ..........             h - amulet of the gourmand
Regen    0.2/turn               g - ring of ice
MPRegen  0.1/turn               r - ring of poison resistance

@: no status effects
A: no striking features
a: no special abilities


You were on level 5 of the Dungeon.
You were not hungry.

You visited 1 branch of the dungeon, and saw 5 of its levels.

You collected 351 gold pieces.

Inventory:

Hand Weapons
 a - a +0 war axe (weapon)
Armour
 b - a +0 scale mail (worn)
 c - a +0 shield (worn)
Jewellery
 g - a ring of ice (left hand)
 h - an amulet of the gourmand (around neck)
 p - an uncursed ring of positive energy
 r - a ring of poison resistance (right hand)
 y - an uncursed amulet of faith
Wands
 B - a wand of digging (7/24)
 F - a wand of lightning (2/15)
Scrolls
 i - a scroll of random uselessness {unknown}
 k - 3 scrolls of remove curse {unknown}
 m - 3 scrolls of recharging {unknown}
 n - 2 scrolls of amnesia {unknown}
 o - 3 scrolls of fear
 t - 2 scrolls of immolation {unknown}
 z - 4 scrolls of teleportation
 A - a scroll of identify
 C - a scroll of blinking {unknown}
 D - a scroll of noise {unknown}
Potions
 d - a potion of might
 e - 2 potions of flight
 j - 2 potions of haste
 l - 2 potions of heal wounds {unknown}
 q - 2 potions of curing {unknown}
 s - a potion of resistance
 u - 2 potions of lignification {unknown}
 v - a potion of invisibility {unknown}
 w - a potion of mutation {unknown}
Comestibles
 f - 4 bread rations
 x - a royal jelly
 E - a fruit
 G - a meat ration


   Skills:
 - Level 3.6 Fighting
 + Level 10.8 Axes
 - Level 3.2 Armour
 - Level 3.2 Shields


You had 6 spell levels left.
You didn't know any spells.

Dungeon Overview and Level Annotations

Branches:
Dungeon (5/15)
 Temple: D:4-7

Altars:
Dithmenos
The Shining One


Message History

The ice beast hits you. The ice beast freezes you. You resist.
* * * LOW HITPOINT WARNING * * *
You completely miss the ice beast.
The ice beast is lightly wounded.
The ice beast hits you but does no damage.
You hit the ice beast.
The ice beast is moderately wounded.
You block the ice beast's attack. The ice beast barely misses you.
You hit the ice beast.
The ice beast is moderately wounded.
You slash the jelly!
Your hands burn!
* * * LOW HITPOINT WARNING * * *
You block the jelly's attack. The ice beast hits you.
* * * LOW HITPOINT WARNING * * *
The ice beast freezes you. You resist.
* * * LOW HITPOINT WARNING * * *
The ice beast hits you.
* * * LOW HITPOINT WARNING * * *
The ice beast freezes you! You resist.
You die...

#[ +. #.####
#+##....# #.^.....#
##.......# ###
.........# #.#
......YJ.# ..######
.#..#..@## .......#
(## #.#.#
.....(.##.##.#.#.#
...........#.#.#.#
.................##
...........#.#....#
...........#.#..#!.##
..........(#.#.###..#
..........##........#


You could see an ice beast and a jelly.

Vanquished Creatures
  An ice beast (D:5)
  An ogre (D:5)
  A centaur (D:5)
  The ghost of letownia the Ruffian, an amateur VSFi (D:3)
  A scorpion (D:4)
  2 crimson imps
  A bullfrog skeleton (D:5)
  A hound (D:5)
  9 adders
  A shadow imp (D:5)
  An ooze (D:3)
  An adder zombie (D:5)
  An adder skeleton (D:5)
  2 worms (D:3)
  2 dart slugs (D:1)
  A leopard gecko (D:1)
  7 orcs
  2 ball pythons
  6 giant cockroaches
  9 goblins
  7 hobgoblins
  6 jackals
  6 kobolds
  5 quokkas
  8 bats
  8 frilled lizards
  6 rats
97 creatures vanquished.

Notes
Turn   | Place    | Note
-------+----------+-------------------------------------------
     0 | D:1      | NoAnimeNoLife the Hill Orc Fighter began the quest for the Orb.
     0 | D:1      | Reached XP level 1. HP: 19/19 MP: 1/1
   113 | D:1      | Reached skill level 3 in Axes
   151 | D:1      | Reached XP level 2. HP: 16/26 MP: 2/2
   469 | D:1      | Reached skill level 4 in Axes
   588 | D:1      | Reached XP level 3. HP: 25/31 MP: 3/3
   913 | D:2      | Reached skill level 5 in Axes
  1041 | D:2      | Reached XP level 4. HP: 28/39 MP: 4/4
  1259 | D:2      | Reached skill level 6 in Axes
  1897 | D:3      | Reached XP level 5. HP: 41/45 MP: 5/5
  1996 | D:3      | Reached skill level 7 in Axes
  2156 | D:3      | Noticed letownia's ghost (amateur VSFi)
  2160 | D:3      | Killed letownia's ghost
  2329 | D:4      | Reached skill level 8 in Axes
  2329 | D:4      | Reached XP level 6. HP: 45/51 MP: 6/6
  2630 | D:4      | Found a glowing golden altar of the Shining One.
  2755 | D:5      | Entered Level 5 of the Dungeon
  2766 | D:5      | Reached skill level 9 in Axes
  2793 | D:5      | Reached XP level 7. HP: 17/57 MP: 7/7
  3068 | D:5      | Found a shadowy altar of Dithmenos.
  3082 | D:5      | Reached skill level 10 in Axes
  3244 | D:5      | Slain by an ice beast

Skill      XL: |  1  2  3  4  5  6  7 |
---------------+----------------------+-----
Axes           | 3 4 5 6 8 9 10 | 10.8
Fighting       | |  3.6
Armour         | |  3.2
Shields        | |  3.2

Action                   |  1- 3 |  4- 6 |  7- 9 || total
-------------------------+-------+-------+-------++-------
Melee: War axe           |    96 |   170 |    41 ||   307
Evoke: Wand              |       |       |     2 ||     2
  Use: Potion            |       |     2 |       ||     2
       Scroll            |       |       |     5 ||     5
  Eat: Chunk             |       |     6 |     4 ||    10
Armor: Scale mail        |    45 |    75 |    15 ||   135
Dodge: Dodged            |    26 |    46 |    10 ||    82
Block: Shield            |    49 |    93 |    16 ||   158
